 Dungeon Crawl Stone Soup version 0.24-a0-272-g14115134c2 (webtiles) character file.

Game seed: 10212784945033953701

44 Hercules1031 the Skirmisher (level 3, 0/24 HPs)
             Began as a Gargoyle Fighter on Apr 25, 2019.
             Slain by a goblin (1 damage)
             ... led by Robin
             ... on level 2 of the Dungeon.
             The game lasted 00:03:41 (1093 turns).

Hercules1031 the Skirmisher (Gargoyle Fighter)      Turns: 1093, Time: 00:03:42

Health: 0/24       AC: 14    Str: 23 (25) XL:     3   Next: 62%
Magic:  3/3        EV:  5    Int:  9 (10) God:
Gold:   60         SH:  9    Dex:  4 (7)  Spells: 2/2 levels left

rFire    . . .     SeeInvis .   a - +0 flail
rCold    . . .     Gourm    .   c - +0 shield
rNeg     + . .     Faith    .   h - +0 chain mail
rPois    ∞         Spirit   .   (no helmet)
rElec    +         Reflect  .   (no cloak)
rCorr    .         Harm     .   (no gloves)
MR       .....     Clarity  +   (no boots)
Stlth    ..........             (no amulet)
HPRegen  0.08/turn              (no ring)
MPRegen  0.08/turn              (no ring)

@: mighty
A: iridescent scales 1, clarity, clever 1, clumsy 1, negative energy resistance
1, electricity resistance, unbreathing, petrification resistance, rot immunity,
AC +3
a: no special abilities


You were on level 2 of the Dungeon.
You were not hungry.

You visited 1 branch of the dungeon, and saw 2 of its levels.

You collected 60 gold pieces.

Inventory:

Hand Weapons
 a - a +0 flail (weapon)
Armour
 b - a +0 scale mail
 c - a +0 shield (worn)
 h - a +0 chain mail (worn)
Scrolls
 e - a scroll of fear {unknown}
 i - a scroll of blinking {unknown}
 j - a scroll of amnesia {unknown}
 k - a scroll of magic mapping {unknown}
 l - a scroll of enchant armour {unknown}
Potions
 d - a potion of might
Comestibles
 f - 8 rations


   Skills:
 + Level 3.7 Fighting
 + Level 2.4 Maces & Flails
 + Level 3.6 Armour
 + Level 0.8 Dodging
 + Level 3.6 Shields


You had 2 spell levels left.
You didn't know any spells.
Your spell library was empty.

Dungeon Overview and Level Annotations

Branches:
Dungeon (2/15)

Altars:

Annotations:
D:2 Robin


Innate Abilities, Weirdness & Mutations

You are resistant to torment.
Your stone body is resilient. (AC +3)
You are immune to poison.
You resist negative energy. (rN+)
You are resistant to electric shocks. (rElec)
You can survive without breathing.
You are immune to petrification.
You are immune to rotting.
You are partially covered in iridescent scales. (AC +2)
You possess an exceptional clarity of mind.
Your mind is acute. (Int +2)
You are clumsy. (Dex -2)


Message History

The goblin hits you but does no damage. The goblin hits you but does no damage.
The goblin hits you with a +2 dagger of venom.
* * * LOW HITPOINT WARNING * * *
Items here: ( )) † a +0 hunting sling; a +0 club; 4 stones; a goblin corpse Robin throws the goblin at you!
The goblin barely misses you. The goblin hits you but does no damage.
Your chain mail prevents you from hitting the goblin.
The goblin hits you but does no damage. x2; You block the goblin's attack.
Robin says, "Feeling lonely?"
The goblin hits you but does no damage. x2
You sock the goblin!
You kill the goblin!
The goblin no longer looks unusually strong.
The goblin hits you with a +2 dagger of venom.
* * * LOW HITPOINT WARNING * * *
You block the hobgoblin's attack. The goblin hits you but does no damage.
The goblin hits you.
You die...

......
####.##...####..........
......
........................
.....
............#...........
.....
........................
.........(...#..........
.............#..........
.......g.....#..........
.....gggg..............#
.......g@g....###......##
........)....## ########
.............#
.....#.......#
..[.......###
###.......#######
###..#####....†........>
#...>....................
................##.....##


You could see Robin, 2 hobgoblins and 4 goblins.

Vanquished Creatures
  A gnoll (D:1)
  6 bats (D:1)
  2 giant cockroaches (D:2)
  7 goblins
  3 hobgoblins (D:1)
  5 kobolds (D:1)
  2 quokkas (D:2)
  3 frilled lizards (D:1)
  2 rats
31 creatures vanquished.

Notes
Turn   | Place    | Note
-------+----------+-------------------------------------------
     0 | D:1      | Hercules1031 the Gargoyle Fighter began the quest for the
                  | Orb.
     0 | D:1      | Reached XP level 1. HP: 14/14 MP: 1/1
   154 | D:1      | Reached XP level 2. HP: 19/19 MP: 2/2
   398 | D:1      | Reached XP level 3. HP: 23/23 MP: 3/3
   889 | D:2      | Gained mutation: You are partially covered in iridescent
                  | scales. (AC +2) [potion of mutation]
   889 | D:2      | Gained mutation: Your mind is acute. (Int +2) [potion of
                  | mutation]
   889 | D:2      | Gained mutation: You are clumsy. (Dex -2) [potion of
                  | mutation]
   889 | D:2      | Gained mutation: You possess an exceptional clarity of
                  | mind. [potion of mutation]
  1021 | D:2      | Noticed Robin
  1093 | D:2      | HP: 1/24 [goblin/+2 dagger of venom[Robin] (2)]
  1093 | D:2      | Slain by a goblin

Levels and vault maps discovered:
D:1:      minmay_arrival_five_plusses, layout_basic
D:2:      layout_rooms, old_standard_altar, gammafunk_temple_overflow_arena,
          uniq_robin

Action                   || total
-------------------------++-------
Melee: Flail             ||   103
  Use: Potion            ||     5
  Eat: Ration            ||     1
Armor: Scale mail        ||     4
       Chain mail        ||   126
Dodge: Dodged            ||    56
Block: Shield            ||   100

Table legend:
 A = Non-vault XP
 B = Vault XP
 C = Vault XP percentage of total XP
 D = Non-vault monster count
 E = Vault monster count
 F = Vault count percentage of total count
                 A         B        C        D         E       F
            +---------+---------+-------+---------+---------+-------
      Total |      56 |       8 |  12.5 |      27 |       4 |  12.9
            +---------+---------+-------+---------+---------+-------
        D:1 |      46 |       0 |   0.0 |      21 |       0 |   0.0
        D:2 |      10 |       8 |  44.4 |       6 |       4 |  40.0
            +---------+---------+-------+---------+---------+-------
